 Dungeon Crawl Stone Soup version 0.31-a0-214-gb37851dbb3 (webtiles) character file.

Game seed: 12071722010278933295

170 qw the Shooter (level 5, -7/30 HPs)
             Began as a Gargoyle Hexslinger on June 30, 2023.
             Blown up by Ijyb (16 damage)
             ... with a mindburst bolt
             ... on level 4 of the Dungeon.
             The game lasted 00:01:00 (2092 turns).

qw the Shooter (Gargoyle Hexslinger)                Turns: 2092, Time: 00:01:01

Health: -7/30      AC: 14    Str: 11    XL:     5   Next: 50%
Magic:  6/6        EV: 10    Int: 14    God:
Gold:   199        SH:  0    Dex: 14    Spells: 5/6 levels left

rFire   + . .        Y - +1 sling
rCold   . . .        (no shield)
rNeg    + . .        d - +2 ring mail {rF+}
rPois   inf          (no helmet)
rElec   +            (no cloak)
rCorr   .            g - +2 pair of gloves
SInv    .            (no boots)
Will    .....        (no amulet)
Stlth   +            (no ring)
HPRegen 0.25/turn    (no ring)
MPRegen 0.10/turn

%: no passive effects
@: no status effects
A: sickness immunity, AC +4, negative energy resistance 1, electricity
resistance, torment resistance 1, petrification resistance
a: no special abilities


You were on level 4 of the Dungeon.
You visited 1 branch of the dungeon, and saw 4 of its levels.

You collected 199 gold pieces.


Innate Abilities, Weirdness & Mutations

You are immune to sickness and miasma.
Your stone body is resilient. (AC +4)
You are immune to poison.
You resist negative energy. (rN+)
You are resistant to electric shocks. (rElec)
You are resistant to unholy torment.
You are immune to petrification.


   Skills:
 + Level 2.0 Fighting
 - Level 5.1 Ranged Weapons
 - Level 1.0 Armour
 - Level 1.5 Dodging
 - Level 1.0 Spellcasting
 - Level 2.6 Hexes


You had 5 spell levels left.
You knew the following spells:

 Your Spells              Type           Power      Damage    Failure   Level
a - Slow                  Hex            32%        N/A       21%         1

Your spell library contained the following spells:

 Spells                   Type           Power      Damage    Failure   Level
 Inner Flame              Hex/Fire       4%         N/A       71%         3
 Portal Projectile        Hex/Tloc       8%         N/A       71%         3
 Cause Fear               Hex            4%         N/A       90%         4

Inventory:

Hand Weapons
 Y - a +1 sling (weapon)
Armour
 d - a +2 ring mail of fire resistance (worn)
 g - a +2 pair of gloves (worn)
Scrolls
 f - a scroll of identify
Potions
 a - a potion of magic {unknown}
 b - a potion of resistance
 i - a potion of curing {unknown}

Dungeon Overview and Level Annotations

Branches:
Dungeon (4/15)
 Temple: D:4-7

Altars:

Shops:
D:2 :

Annotations:
D:4 Ijyb


Message History

You shoot a sling bullet. The sling bullet hits the scorpion.
You kill the scorpion!
Your Ranged Weapons skill increases to level 5!
You have reached level 5!
You start resting.
HP restored.
Done exploring.
(D) Dungeon
Where to? (* - list waypoints, Enter - D:4, ? - help)
What level of the Dungeon? (default 1, ? - help)
You climb downwards.
The hobgoblin barely misses you.
The hobgoblin hits you but does no damage.
There is a stone staircase leading up here.
You shoot a sling bullet.
The sling bullet barely misses the hobgoblin.
The hobgoblin barely misses you.
You shoot a sling bullet.
The sling bullet barely misses the hobgoblin.
The hobgoblin hits you but does no damage.
You shoot a sling bullet. The sling bullet hits the hobgoblin.
You kill the hobgoblin!
a - an amethyst potion Ijyb the Twisted Goblin comes into view.
She is wielding a +0 club and carrying a wand of mindburst (13).
Found 9 gold pieces.
Found a stone staircase leading down.
You shoot a sling bullet.
The sling bullet hits Ijyb but does no damage.
Ijyb zaps a wand.
You barely resist. You shoot a sling bullet. The sling bullet hits Ijyb.
Ijyb is lightly wounded.
Ijyb screams, "No!
No, no, no, no!"
Ijyb zaps a wand.
Your mind is blasted!
2088 ||| FLEEEEING.
2089 ||| FLEEEEING.
Ijyb zaps a wand.
Your mind is blasted!
2090 ||| FLEEEEING.
2091 ||| FLEEEEING.
2092 ||| FLEEEEING.
Ijyb zaps a wand.
Your mind is blasted!
Ouch! That really hurt!
You die...

.. $# ..# ..#
#..#
##########...#
##............#
#...@......g..#
#...######.....#
#. ##..##
#...... #..
#...## >.....
#..# #....#####
.....
#)..###......)..
#.#..
#...............
.. .
#...............
..
#...............


You could see Ijyb.

Vanquished Creatures
  A scorpion (D:3)
  4 adders
  2 worms (D:2)
  2 dart slugs (D:2)
  An orc (D:2)
  3 ball pythons
  2 bats (D:1)
  3 endoplasms
  12 giant cockroaches
  3 goblins
  6 hobgoblins
  4 jackals (D:1)
  6 kobolds
  2 quokkas
  2 frilled lizards
  3 rats
56 creatures vanquished.

Notes
Turn   | Place    | Note
-------+----------+-------------------------------------------
     0 | D:1      | qw the Gargoyle Hexslinger began the quest for the Orb.
     0 | D:1      | Reached XP level 1. HP: 12/12 MP: 2/2
     0 | D:1      | 0 ||| qw: Version: 0.3-a-32-g5962c71
     0 | D:1      | 0 ||| qw: Game counter: 7320
     0 | D:1      | 0 ||| qw: Melee chars always use a shield: true
     0 | D:1      | 0 ||| qw: God list: Okawaru
     0 | D:1      | 0 ||| qw: Allow faded altars: false
     0 | D:1      | 0 ||| qw: Do Orc after clearing Dungeon:15 true
     0 | D:1      | 0 ||| qw: Do second Lair branch before Depths: true
     0 | D:1      | 0 ||| qw: Lair rune preference: random
     0 | D:1      | 0 ||| qw: Goals: Normal
     0 | D:1      | 0 ||| PLANNING D:1-11
    85 | D:1      | Reached XP level 2. HP: 16/16 MP: 3/3
   220 | D:1      | Reached skill level 3 in Ranged Weapons
   557 | D:1      | Reached XP level 3. HP: 21/21 MP: 4/4
   943 | D:1      | 943 ||| UPGRADING to +2 ring mail of fire resistance.
   953 | D:1      | 953 ||| DROPPING +0 robe.
   954 | D:1      | 954 ||| READING 2 scrolls labelled XUSAZU JOCIUNOLIX.
   955 | D:1      | 955 ||| READING 2 scrolls labelled KUNUJO FIRUX.
   956 | D:1      | 956 ||| READING scroll labelled IQEALA NABB.
   959 | D:1      | 959 ||| DROPPING scroll of poison.
  1034 | D:2      | Found Ciacoen's Book Shoppe.
  1233 | D:2      | Reached XP level 4. HP: 23/26 MP: 5/5
  1235 | D:2      | Reached skill level 4 in Ranged Weapons
  1331 | D:2      | Reached skill level 1 in Armour
  1513 | D:2      | 1513 ||| DROPPING +2 leather armour of fire resistance.
  1514 | D:2      | 1514 ||| READING 2 scrolls labelled PUCEHU JENWOEL.
  1515 | D:2      | 1515 ||| READING scroll labelled WOR IHABUY.
  1516 | D:2      | 1516 ||| READING 3 scrolls of identify.
  1516 | D:2      | 1516 ||| IDENTIFYING cyan potion
  1517 | D:2      | 1517 ||| DROPPING scroll of vulnerability.
  1518 | D:2      | 1518 ||| DROPPING potion of brilliance.
  1566 | D:3      | Found a faded altar of an unknown god.
  1936 | D:3      | 1936 ||| UPGRADING to +0 pair of gloves.
  1941 | D:3      | 1941 ||| READING 2 scrolls of enchant armour.
  1941 | D:3      | 1941 ||| ENCHANTING +0 pair of gloves.
  1942 | D:3      | 1942 ||| READING scroll of enchant armour.
  1942 | D:3      | 1942 ||| ENCHANTING +1 pair of gloves.
  1943 | D:3      | 1943 ||| READING scroll labelled ZEOCEOTSUJ.
  1944 | D:3      | 1944 ||| READING scroll labelled NECOIR XUYMA.
  1945 | D:3      | 1945 ||| READING 3 scrolls of identify.
  1945 | D:3      | 1945 ||| IDENTIFYING green potion
  1946 | D:3      | 1946 ||| READING 2 scrolls of identify.
  1946 | D:3      | 1946 ||| IDENTIFYING viscous red potion
  1947 | D:3      | 1947 ||| DROPPING potion of lignification.
  2016 | D:4      | Noticed a scorpion
  2028 | D:4      | 2028 ||| STAIRDANCE
  2032 | D:3      | Killed a scorpion
  2033 | D:3      | Reached skill level 5 in Ranged Weapons
  2033 | D:3      | Reached XP level 5. HP: 22/30 MP: 6/6
  2085 | D:4      | Noticed Ijyb
  2088 | D:4      | 2088 ||| FLEEEEING.
  2089 | D:4      | 2089 ||| FLEEEEING.
  2090 | D:4      | 2090 ||| FLEEEEING.
  2091 | D:4      | 2091 ||| FLEEEEING.
  2092 | D:4      | 2092 ||| FLEEEEING.
  2092 | D:4      | Blown up by Ijyb

Levels and vault maps discovered:
D:1:      sevenhm_arrival_forest_fort_small_6, layout_loops_corners,
          minmay_worlds_worst_comb
D:2:      layout_rooms, serial_shops, shop, dk_noncrumbling_3
D:3:      layout_basic, chequers_ecumenical_altar_simple_redux, st_stairs_12,
          feat_on_display
D:4:      gammafunk_steamed_eel, layout_layer_cave,
          minmay_temple_entry_crystal_x, minmay_circle_x, uniq_ijyb

Skill      XL: |  1  2  3  4 |
---------------+-------------+-----
Ranged Weapons | 3 5 |  5.1
Fighting       | 2 |  2.0
Armour         | 1 |  1.0
Dodging        | |  1.5
Spellcasting   | |  1.0
Hexes          | |  2.6

Action                     |  1- 3 |  4- 6 || total
---------------------------+-------+-------++-------
   Fire: Sling             |   167 |    86 ||   253
    Use: Scroll            |     3 |     9 ||    12
 Armour: Robe              |    22 |       ||    22
         Ring mail         |    18 |    40 ||    58
  Dodge: Dodged            |    51 |    44 ||    95

Table legend:
 A = Non-vault XP
 B = Vault XP
 C = Vault XP percentage of total XP
 D = Non-vault monster count
 E = Vault monster count
 F = Vault count percentage of total count
                 A         B        C        D         E       F
            +---------+---------+-------+---------+---------+-------
      Total |     226 |      17 |   7.0 |      47 |       9 |  16.1
            +---------+---------+-------+---------+---------+-------
        D:1 |      36 |      14 |  28.0 |      21 |       7 |  25.0
        D:2 |      69 |       0 |   0.0 |      19 |       0 |   0.0
        D:3 |     119 |       3 |   2.5 |       6 |       2 |  25.0
        D:4 |       2 |       0 |   0.0 |       1 |       0 |   0.0
            +---------+---------+-------+---------+---------+-------
